 Dungeon Crawl Stone Soup version 0.29-a0-872-g797fff5ad1 (webtiles) character file.

Game seed: 6774813304966981944

31 27snakeeyes612 the Trooper (level 3, -4/40 HPs)
             Began as an Ogre Berserker on July 18, 2022.
             Was a Follower of Trog.
             Slain by a kobold
             ... wielding a +1 dagger of distortion
              (17 damage)
             ... on level 2 of the Dungeon.
             The game lasted 00:00:52 (1277 turns).

27snakeeyes612 the Trooper (Ogre Berserker)         Turns: 1277, Time: 00:00:53

Health: -4/40      AC:  3    Str: 23    XL:     3   Next: 22%
Magic:  3/3        EV: 10    Int:  8    God:    Trog [*.....]
Gold:   43         SH:  0    Dex:  8    Spells: 2/2 levels left

rFire   . . .      SeeInvis .   a - +0 mace
rCold   . . .      Faith    .   (no shield)
rNeg    . . .      Spirit   .   b - +0 animal skin
rPois   .          Reflect  .   (helmet restricted)
rElec   .          Harm     .   (no cloak)
rCorr   .          Rampage  .   (gloves unavailable)
Will    .....                   (boots unavailable)
Stlth   +.........              (no amulet)
HPRegen 0.13/turn               (no ring)
MPRegen 0.08/turn               (no ring)

@: on berserk cooldown
A: large, unfitting armour, tough skin 1
a: Renounce Religion, Berserk


You were on level 2 of the Dungeon.
You worshipped Trog.
Trog was aware of your devotion.
You visited 1 branch of the dungeon, and saw 2 of its levels.

You collected 43 gold pieces.

Inventory:

Hand Weapons
 a - a +0 mace (weapon)
Armour
 b - a +0 animal skin (worn)
Jewellery
 i - an amulet of regeneration
Scrolls
 c - 2 scrolls of noise {unknown}
 e - a scroll of teleportation {unknown}
 f - a scroll of enchant armour {unknown}
 j - a scroll of silence {unknown}
Potions
 d - a potion of cancellation {unknown}
 g - a potion of might {unknown}
 h - a potion of degeneration {unknown}
 k - a potion of berserk rage {unknown}


   Skills:
 + Level 4.4 Fighting
 + Level 3.0 Maces & Flails
 + Level 1.1 Throwing
 + Level 3.0 Dodging


You had 2 spell levels left.
You didn't know any spells.
Your spell library was empty.

Dungeon Overview and Level Annotations

Branches:
Dungeon (2/15)

Altars:


Innate Abilities, Weirdness & Mutations

You are too large for most types of armour.
You have tough skin. (AC +1)


Message History

a +0 dagger; a goblin corpse You feel a strong urge to attack something.
You start resting.
You feel your anger nearly subside.
You are no longer berserk.
You are exhausted.
You feel yourself slow down.
You start resting.
A goblin comes into view. It is wielding a +0 club.
A goblin is nearby!
A goblin is nearby!
The goblin shouts!
The kobold shouts!
You hear a shout!
The goblin hits you with a +0 club. x2
You see here a jackal corpse.
You hit the goblin.
You kill the goblin!
Trog accepts your kill.
A ball python comes into view.
The kobold barely misses you.
The ball python hisses angrily.
The kobold hits you with a +1 dagger of distortion.
Space warps around you.
Things that are here:
a +0 club; a goblin corpse You barely miss the kobold.
You feel yourself speed up.
The kobold hits you with a +1 dagger of distortion.
The kobold barely misses you.
You closely miss the kobold.
The kobold hits you with a +1 dagger of distortion.
Space warps around you.
You closely miss the kobold.
The kobold hits you with a +1 dagger of distortion.
Space warps around you. The ball python closely misses you.
The kobold barely misses you.
You barely miss the kobold.
The ball python bites you but does no damage.
The kobold hits you with a +1 dagger of distortion.
Space warps horribly around you!
You die...

... .................>##
#.. .......†.........#.
#.######....###......#.
...#.).....# #........
#.#.##)######.#.#†...
#.##...........#........
#.....†..†.....##.#<....
####.#.†.......##.###.#.
#.#K@.......##.. .(..
.......S.......### ###..
.....#.........# ..
...............# ..
........########
........# ........#
.......#


You could see a ball python and a kobold.

Vanquished Creatures
  An adder (D:2)
  An endoplasm (D:1)
  5 goblins
  A hobgoblin (D:1)
  3 jackals (D:2)
  A quokka (D:2)
  2 ball pythons
  A bat (D:1)
  4 frilled lizards
  2 kobolds (D:1)
21 creatures vanquished.

Notes
Turn   | Place    | Note
-------+----------+-------------------------------------------
     0 | D:1      | 27snakeeyes612 the Ogre Berserker began the quest for the
                  | Orb.
     0 | D:1      | Reached XP level 1. HP: 24/24 MP: 1/1
   213 | D:1      | Found a faded altar of an unknown god.
   724 | D:1      | Reached XP level 2. HP: 30/32 MP: 2/2
  1072 | D:2      | Reached skill level 1 in Throwing
  1154 | D:2      | Reached XP level 3. HP: 28/40 MP: 3/3
  1277 | D:2      | Slain by a kobold

Illustrated notes

Levels and vault maps discovered:
D:1:      co_arrival_random_square_maze, layout_basic,
          chequers_ecumenical_altar_island, nrook_uturn,
          minmay_misc_feat_columns, minmay_misc_feat_nine_boxes
D:2:      layout_basic, serial_shops, shop, solitary_fountain, uniq_jessica

Skill      XL: |  1  2 |
---------------+-------+-----
Throwing       | 1 |  1.1
Dodging        | 3 |  3.0
Maces & Flails | 3 |  3.0
Fighting       | |  4.4

Action                   || total
-------------------------++-------
Melee: Mace              ||    59
Invok: Berserk           ||     1
Armor: Animal skin       ||    13
Dodge: Dodged            ||    38

Table legend: (Time is in decaauts)
 A = Elapsed time spent in this place.
 B = Non-inter-level travel time spent in this place.
 C = Inter-level travel time spent in this place.
 D = Time resting spent in this place.
 E = Time spent auto-exploring this place.
 F = Levels seen in this place.
 G = Mean time per level.
                   A        B        C        D        E       F      G
               +--------+--------+--------+--------+--------+-----+--------+
         Total |   1302 |   1272 |     30 |     19 |   1095 |   2 |  651.0 |
       Dungeon |   1302 |   1272 |     30 |     19 |   1095 |   2 |  651.0 |
               +--------+--------+--------+--------+--------+-----+--------+

Top non-repeatable levels by time:
     D:1: 1061 daAuts
     D:2: 240 daAuts
